AoeStats
← =)Svanhilde

MegaRandom

510812411Analyzed
4v4 RM · 4h ago on Oct 2, 2026· 58m 46s· 8 players
Game mode
Random Map
Map size
Large (8 player)
Population
200
Speed
Normal
Resources
Standard
Victory
Conquest
Starting age
Dark Age
Ending age
Imperial Age
RankedLock teamsTeams togetherTeam positionsShared explorationLock speedFull tech treeHidden civsTurbo modeCheats
Victory
Defeat
🇫🇮 Lithuanians · Finland
2064
+6
🇫🇮 Bengalis · Finland
1970
+9
🇫🇷 Tatars · France
1866
+12
🇪🇸 Slavs · Spain
1638
+20
🇮🇪 Italians · Ireland
1823
-13
🇨🇦 Saracens · Canada
1821
-14
🇳🇱 Mapuche · Netherlands
1754
-10
🇮🇪 Armenians · Ireland
1753
-10
Gloriaz
9:52 Loom
11:58 Feudal Age
13:01 Double-Bit Axe
17:21 Castle Age
15:04 Horse Collar
16:10 Fletching
16:12 Gold Mining
18:53 Bow Saw
21:12 Bodkin Arrow
22:48 Padded Archer Armor
25:48 Leather Archer Armor
27:11 Ballistics
31:47 Heavy Plow
31:38 Stone Mining
33:50 Wheelbarrow
33:01 Town Watch
34:56 Gold Shaft Mining
37:00 Imperial Age
34:31 Murder Holes
36:16 Elite Skirmisher
37:22 Malon
37:04 Elite Bolas Rider
38:16 Ring Archer Armor
38:32 Conscription
43:22 Hand Cart
43:38 Crop Rotation
44:36 Champi Runner
45:03 Arson
45:19 Scale Mail Armor
45:29 Forging
47:56 Chain Mail Armor
48:16 Iron Casting
47:03 Champi Warrior
49:45 Plate Mail Armor
48:37 Pikeman
49:07 Elite Champi Warrior
50:32 Coinage
50:04 Caravan
49:42 Halberdier
51:41 Blast Furnace
52:01 Chemistry
51:12 Masonry
54:20 Architecture
53:56 Siege Engineers
55:49 Arrowslits
57:24 Treadmill Crane
LaochraGael
9:54 Loom
12:49 Feudal Age
16:18 Castle Age
14:09 Double-Bit Axe
17:16 Medium Warships
17:00 Fletching
18:47 Bodkin Arrow
21:39 Bow Saw
32:52 Imperial Age
31:43 Stone Mining
33:14 Gold Mining
34:02 Bracer
35:56 Chemistry
35:18 Ballistics
37:25 Padded Archer Armor
38:12 Heavy Warships
39:05 Careening
39:45 Elite Genoese Crossbowman
41:43 Dry Dock
42:11 Leather Archer Armor
44:49 Thumb Ring
47:01 Caravan
48:06 Conscription
49:38 Wheelbarrow
50:05 Shipwright
52:48 Ring Archer Armor
53:10 Clinker Construction
58:45 Two-Man Saw
PossiblySean
3:33 Loom
12:21 Feudal Age
17:18 Castle Age
16:07 Double-Bit Axe
16:53 Fletching
17:40 Gold Mining
18:11 Bodkin Arrow
18:19 Crossbowman
19:08 Pikeman
19:58 Padded Archer Armor
20:19 Horse Collar
22:29 Bow Saw
23:06 Leather Archer Armor
28:55 Wheelbarrow
32:25 Imperial Age
30:17 Scale Mail Armor
30:27 Forging
31:41 Chain Mail Armor
32:16 Gold Shaft Mining
31:13 Man-at-Arms
31:38 Gambesons
33:09 Ballistics
33:01 Fortified Wall
33:19 Bracer
32:42 Elite Skirmisher
35:05 Chemistry
35:17 Ring Archer Armor
35:56 Capped Ram
37:41 Siege Ram
44:34 Iron Casting
44:25 Medium Warships
48:13 Squires
48:46 Plate Mail Armor
49:16 Blast Furnace
48:58 Pikeman
49:46 Halberdier
50:51 Caravan
56:22 Scale Barding Armor
NuclearPasta
11:03 Feudal Age
14:45 Castle Age
13:13 Double-Bit Axe
13:53 Horse Collar
15:38 Bow Saw
15:37 Loom
22:28 Forging
23:41 Wheelbarrow
24:42 Heavy Plow
25:58 Scale Barding Armor
27:54 Chain Barding Armor
29:10 Husbandry
29:40 Bloodlines
34:23 Imperial Age
35:41 Plate Barding Armor
35:45 Iron Casting
36:33 Hand Cart
36:26 Elite Mameluke
38:55 Blast Furnace
38:14 Stone Mining
42:14 Onager
43:38 Counterweights
44:52 Siege Onager
46:08 Conscription
46:06 Masonry
47:37 Chemistry
46:30 Fletching
48:32 Bodkin Arrow
50:27 Bracer
51:30 Hoardings
=)Svanhilde
12:31 Feudal Age
13:20 Double-Bit Axe
16:35 Castle Age
15:20 Horse Collar
16:54 Wheelbarrow
17:45 Bow Saw
17:38 Heavy Plow
18:22 Fishing Lines
22:18 Hand Cart
22:16 Loom
25:13 Town Watch
26:01 Stone Mining
26:32 Gold Mining
27:52 Caravan
30:07 Fletching
34:56 Imperial Age
33:14 Bodkin Arrow
34:06 Gold Shaft Mining
34:20 Padded Archer Armor
35:33 Leather Archer Armor
35:23 Silk Armor
35:36 Bracer
36:00 Ballistics
35:11 Heavy Cavalry Archer
37:44 Leather Archer Armor
38:31 Chemistry
37:12 Treadmill Crane
37:56 Guilds
39:36 Ring Archer Armor
39:48 Husbandry
39:59 Bloodlines
40:48 Light Cavalry
41:34 Scale Barding Armor
42:02 Forging
42:43 Coinage
42:19 Hussar
43:20 Chain Barding Armor
43:45 Crop Rotation
44:23 Banking
45:03 Plate Barding Armor
45:04 Iron Casting
46:26 Iron Casting
48:07 Conscription
47:58 Timurid Siegecraft
49:34 Blast Furnace
54:21 Siege Engineers
54:26 Masonry
milarreach
10:15 Feudal Age
10:47 Double-Bit Axe
11:00 Horse Collar
14:12 Bloodlines
14:34 Scale Barding Armor
16:17 Forging
20:05 Castle Age
18:59 Gold Mining
21:14 Bow Saw
21:05 Heavy Plow
22:35 Town Watch
22:36 Loom
23:00 Loom
27:37 Wheelbarrow
30:35 Imperial Age
32:03 Wheelbarrow
31:46 Husbandry
33:33 Hand Cart
33:39 Chain Barding Armor
34:35 Gold Shaft Mining
34:39 Iron Casting
34:37 Stone Mining
35:20 Conscription
35:11 Detinets
35:53 Plate Barding Armor
36:18 Caravan
36:09 Elite Boyar
40:28 Blast Furnace
41:23 Heavy Scorpion
43:06 Chemistry
43:25 Two-Man Saw
43:31 Masonry
43:29 Siege Engineers
45:44 Masonry
46:14 Ballistics
45:26 Light Cavalry
46:23 Guard Tower
46:24 Fletching
46:13 Hussar
46:48 Onager
48:09 Siege Onager
51:53 Bodkin Arrow
55:22 Capped Ram
Tomppa
12:34 Feudal Age
10:59 Loom
16:08 Castle Age
14:00 Double-Bit Axe
15:44 Horse Collar
17:15 Bow Saw
18:03 Heavy Plow
20:20 Wheelbarrow
20:54 Heavy Plow
25:27 Hand Cart
25:02 Town Watch
30:03 Imperial Age
27:23 Fletching
27:30 Gold Mining
27:33 Stone Mining
28:06 Bodkin Arrow
29:17 Ballistics
29:13 Padded Archer Armor
30:23 Elite Elephant Archer
31:04 Bracer
32:22 Chemistry
32:19 Crop Rotation
32:52 Husbandry
33:02 Bloodlines
34:51 Leather Archer Armor
36:55 Two-Man Saw
36:12 Guilds
36:52 Ring Archer Armor
36:55 Paiks
37:10 Conscription
38:51 Caravan
39:27 Coinage
39:51 Gold Shaft Mining
42:38 Banking
53:17 Mahayana
TheMax
11:03 Feudal Age
9:44 Loom
14:35 Castle Age
12:44 Double-Bit Axe
13:37 Fishing Lines
16:42 Wheelbarrow
17:21 Town Watch
18:14 Horse Collar
19:04 Heavy Plow
21:02 Medium Warships
25:20 Fletching
26:38 Devotion
35:29 Imperial Age
33:40 Hand Cart
34:43 Bodkin Arrow
34:48 Padded Archer Armor
34:35 Elite Skirmisher
36:37 Conscription
36:23 Bracer
37:19 Leather Archer Armor
38:37 Ring Archer Armor
38:27 Stone Mining
38:46 Caravan
40:31 Elite Leitis
42:17 Scale Barding Armor
42:14 Gold Mining
43:32 Chain Barding Armor
43:23 Bloodlines
43:13 Husbandry
43:53 Crop Rotation
43:35 Bow Saw
43:59 Treadmill Crane
44:29 Clinker Construction
44:30 Masonry
45:08 Plate Barding Armor
44:45 Forging
46:56 Chemistry
46:41 Ballistics
46:12 Heated Shot
47:30 Iron Casting
47:08 Guard Tower
48:09 Carvel Hull
48:00 Careening
48:22 Guilds
48:26 Tower Shields
49:39 Heavy Warships
51:14 Coinage
52:58 Banking
56:35 Architecture
56:41 Hoardings
59:46 Keep
59:32 Dry Dock
Connection lost

Rejoining the realm…

Still unreachable

The connection could not be restored.

Session expired

The server has moved on; the page needs a fresh start.